 Dungeon Crawl Stone Soup version 0.30-a0-1112-gfb780f5df6 (webtiles) character file.

Game seed: 2350224150643739294

7 retardedninja the Firebug (level 2, -1/19 HPs)
             Began as a Gnoll Fire Elementalist on Apr 19, 2023.
             Slain by a jackal (2 damage)
             ... on level 1 of the Dungeon.
             The game lasted 00:00:55 (255 turns).

retardedninja the Firebug (Gnoll Fire Elementalist)  Turns: 255, Time: 00:00:55

Health: -1/19      AC:  2    Str:  7    XL:     2   Next: 4%
Magic:  6/7        EV: 13    Int: 14    God:
Gold:   0          SH:  0    Dex: 12    Spells: 9/10 levels left

rFire   . . .      SeeInvis .    g - +0 dagger
rCold   . . .      Faith    .    (no shield)
rNeg    . . .      Spirit   .    a - +0 robe
rPois   .          Reflect  .    (no helmet)
rElec   .          Rampage  .    (no cloak)
rCorr   .                        (no gloves)
Will    .....                    (no boots)
Stlth   ++                       (no amulet)
HPRegen 0.23/turn                (no ring)
MPRegen 0.10/turn                (no ring)

@: no status effects
A: fangs 1, strong nose, distributed training
a: no special abilities


You were on level 1 of the Dungeon.
You visited 1 branch of the dungeon, and saw 1 of its levels.

Inventory:

Hand Weapons
 g - a +0 dagger (weapon)
Armour
 a - a +0 robe (worn)
Scrolls
 e - a scroll of identify {unknown}
 f - a scroll of teleportation {unknown}
Potions
 c - a potion of resistance {unknown}
 d - a potion of heal wounds {unknown}


   Skills:
 + Level 0.2 Fighting
 + Level 0.2 Short Blades
 + Level 0.2 Long Blades
 + Level 0.2 Axes
 + Level 0.2 Maces & Flails
 + Level 0.2 Polearms
 + Level 0.2 Staves
 + Level 0.2 Ranged Weapons
 + Level 0.2 Throwing
 + Level 0.2 Armour
 + Level 4.4 Dodging
 + Level 4.0 Stealth
 + Level 0.2 Shields
 + Level 0.2 Unarmed Combat
 + Level 4.9 Spellcasting
 + Level 2.0 Conjurations
 + Level 0.1 Hexes
 + Level 0.1 Summonings
 + Level 0.1 Necromancy
 + Level 0.1 Translocations
 + Level 0.1 Transmutations
 + Level 5.3 Fire Magic
 + Level 0.1 Ice Magic
 + Level 0.1 Air Magic
 + Level 0.1 Earth Magic
 + Level 0.1 Poison Magic
 + Level 0.3 Invocations
 + Level 0.2 Evocations


You had 9 spell levels left.
You knew the following spells:

 Your Spells              Type           Power      Damage    Failure   Level
a - Foxfire               Conj/Fire      52%        2x1d6     4%          1

Your spell library contained the following spells:

 Spells                   Type           Power      Damage    Failure   Level
 Scorch                   Fire           36%        2d7       3%          2
 Apportation              Tloc           6%         N/A       17%         1
 Necrotise                Necr           12%        1d4       17%         1
 Summon Small Mammal      Summ           12%        N/A       17%         1
 Inner Flame              Hex/Fire       11%        N/A       17%         3
 Volatile Blastmotes      Fire/Tloc      22%        2d11      17%         3
 Flame Wave               Conj/Fire      13%        2d6       36%         4


Dungeon Overview and Level Annotations

Branches:
Dungeon (1/15)

Altars:

Shops:
D:1 [


Innate Abilities, Weirdness & Mutations

You have very sharp teeth.
Your uncanny sense of smell can sniff out nearby items.
Your experience applies equally to all skills.


Message History

The rat bites you but does no damage. The jackal barely misses you.
You barely miss the rat. The jackal barely misses you.
The rat closely misses you.
You hit the rat but do no damage. You bite the rat, but do no damage.
The jackal bites you.
* * * LOW HITPOINT WARNING * * *
The rat bites you but does no damage. The jackal bites you.
* * * LOW HITPOINT WARNING * * *
You barely miss the rat. The rat closely misses you. The jackal bites you.
* * * LOW HITPOINT WARNING * * *
You barely miss the rat. You bite the rat, but do no damage.
The jackal closely misses you. The rat bites you.
* * * LOW HITPOINT WARNING * * *
Unknown command.
You are too injured to fight recklessly!
Casting: Foxfire (safe; 4% risk of failure)
Press: ? - help, Q - select action Dir - look around, f - activate You conjure some foxfire!
The jackal bites you.
* * * LOW HITPOINT WARNING * * *
The rat bites you but does no damage. The jackal completely misses you.
The foxfire hits the rat but does no damage.
The foxfire hits the jackal but does no damage.
The jackal is heavily wounded.
The jackal closely misses you. The rat misses you.
The jackal attacks as you move away!
The jackal bites you but does no damage.
The jackal bites you.
* * * LOW HITPOINT WARNING * * *
You don't have enough magic to cast this spell.
Magic courses through your body. The rat closely misses you.
The jackal bites you but does no damage.
Casting: Foxfire (safe; 4% risk of failure)
Press: ? - help, Q - select action Dir - look around, f - activate You conjure some foxfire!
The jackal bites you but does no damage.
The rat bites you.
* * * LOW HITPOINT WARNING * * *
The jackal attacks as you move away! The jackal bites you.
You die...

# #.#..####.#...#
..#..# #.#...# #.#..#
#.#...# ∆ ∆ #..#
#.#...#
###..####.#...#
#....#....#...#
#+#####....#.##...#.#
...........#......#.#
#......v@.#...>..#.#
#......vhr..#.##.#.#
#.........#.#.##.#.#
#######.).#.######.#
....†..∩..#........#
.########†#.########
#.### ... .....


You could see a jackal (ally target) and a rat.

Vanquished Creatures
  A ball python (D:1)
  A hobgoblin (D:1)
  A jackal (D:1)
  A bat (D:1)
  A frilled lizard (D:1)
  A goblin (D:1)
  A kobold (D:1)
  A rat (D:1)
8 creatures vanquished.

Vanquished Creatures (others)
  32 foxfires (D:1)
32 creatures vanquished.

Grand Total: 40 creatures vanquished

Notes
Turn   | Place    | Note
-------+----------+-------------------------------------------
     0 | D:1      | retardedninja the Gnoll Fire Elementalist began the quest
                  | for the Orb.
     0 | D:1      | Reached XP level 1. HP: 13/13 MP: 6/6
   132 | D:1      | Found Osibe's Antique Armour Emporium.
   239 | D:1      | Reached XP level 2. HP: 12/19 MP: 0/7
   255 | D:1      | Slain by a jackal

Illustrated notes

Levels and vault maps discovered:
D:1:      matt_arrival_los_fun, layout_basic, serial_shops, shop

Skill      XL: |  1 |
---------------+----+-----
Conjurations   | 2 |  2.0
Fighting       | |  0.2
Short Blades   | |  0.2
Long Blades    | |  0.2
Axes           | |  0.2
Maces & Flails | |  0.2
Polearms       | |  0.2
Staves         | |  0.2
Ranged Weapons | |  0.2
Throwing       | |  0.2
Armour         | |  0.2
Dodging        | |  4.4
Stealth        | |  4.0
Shields        | |  0.2
Unarmed Combat | |  0.2
Spellcasting   | |  4.9
Hexes          | |  0.1
Summonings     | |  0.1
Necromancy     | |  0.1
Translocations | |  0.1
Transmutations | |  0.1
Fire Magic     | |  5.3
Ice Magic      | |  0.1
Air Magic      | |  0.1
Earth Magic    | |  0.1
Poison Magic   | |  0.1
Invocations    | |  0.3
Evocations     | |  0.2

Action                     || total
---------------------------++-------
  Melee: Unarmed           ||     1
         Dagger            ||     6
         Bite              ||     2
   Cast: Foxfire           ||    21
    Use: Potion            ||     1
 Armour: Robe              ||     8
  Dodge: Dodged            ||    39

Table legend: (Time is in decaauts)
 A = Elapsed time spent in this place.
 B = Non-inter-level travel time spent in this place.
 C = Inter-level travel time spent in this place.
 D = Time resting spent in this place.
 E = Time spent auto-exploring this place.
 F = Levels seen in this place.
 G = Mean time per level.
                   A        B        C        D        E       F      G
               +--------+--------+--------+--------+--------+-----+--------+
         Total |    254 |    254 |      0 |      0 |    179 |   1 |  254.0 |
       Dungeon |    254 |    254 |      0 |      0 |    179 |   1 |  254.0 |
               +--------+--------+--------+--------+--------+-----+--------+

Top non-repeatable levels by time:
     D:1: 254 daAuts
